NYP
STATE COLLEGE SPIKES @ BATAVIA MUCKDOGS
09/15/2046
 
TOP OF THE 1ST
State College Spikes batting - Pitching for Batavia Muckdogs : LHP Matt Boehm
Pitching: LHP Matt Boehm
Batting: RHB Robby Hickman 0-0: Called Strike
0-1: Ball
1-1: Ball
2-1: Ball
3-1: Foul Ball, location: 2F
3-2: Base on Balls
Batting: LHB Keith Rice 0-0: Ball
1-0: Ball
2-0: Ball
3-0: Base on Balls
Robby Hickman to second
Batting: RHB Jose Jimenez 0-0: 3-RUN HOME RUN (Line Drive, 7D, EV 98.1 MPH), Distance : 369 ft
Batting: RHB Kyle Burns 0-0: Ball
1-0: Swinging Strike
1-1: Fly out, F3 (Popup, 3, EV 67.5 MPH)
Batting: RHB Sean Tanner 0-0: Called Strike
0-1: Called Strike
0-2: Strikes out looking
Batting: RHB Ben Politi 0-0: Foul Ball, location: 2F
0-1: Ball
1-1: Ball
2-1: Ball
3-1: Fly out, F7 (Flyball, 7LM, EV 89.4 MPH)
Top of the 1st over - 3 runs, 1 hit, 0 errors, 0 left on base; State College 3 - Batavia 0
BOTTOM OF THE 1ST
Batavia Muckdogs batting - Pitching for State College Spikes : RHP David Maxwell
Pitching: RHP David Maxwell
Batting: LHB Orlando Rivera 0-0: Called Strike
0-1: Ball
1-1: Bunt missed!
1-2: Ball
2-2: Ground out 4-3 (Groundball, 4, EV 81.9 MPH)
Batting: RHB Justin Dunham 0-0: Ball
1-0: SINGLE (Groundball, 3, EV 95.6 MPH)
Batting: SHB Matt Moore 0-0: Called Strike
0-1: Swinging Strike
0-2: Ball
1-2: Foul Ball, location: 2F
1-2: Ball
2-2: Fly out, F7 (Flyball, 7LM, EV 104.4 MPH)
Batting: LHB Matt McKeon 0-0: Ball
1-0: Swinging Strike
1-1: Ball
2-1: Foul Ball, location: 2F
2-2: Strikes out swinging, 2-3 out at first.
Bottom of the 1st over - 0 runs, 1 hit, 0 errors, 1 left on base; State College 3 - Batavia 0
TOP OF THE 2ND
State College Spikes batting - Pitching for Batavia Muckdogs : LHP Matt Boehm
Batting: LHB Jorge Zarazua 0-0: Ground out 6-3 (Groundball, 6, EV 96.9 MPH)
Batting: RHB Tom Tate 0-0: Ball
1-0: TRIPLE (Flyball, 89XD, EV 105.0 MPH)
Batting: SHB Gerardo Macias 0-0: Ball
1-0: Foul Ball, location: 2F
1-1: Swinging Strike
1-2: Foul Ball, location: 2F
1-2: Ball
2-2: Strikes out swinging
Batting: RHB Robby Hickman 0-0: Ball
1-0: Ball
2-0: Ball
3-0: Called Strike
3-1: DOUBLE (Line Drive, 7LS, EV 96.9 MPH)
Tom Tate scores
Pinch Runner at 2nd Mario Mendoza:
Batting: LHB Keith Rice 0-0: Swinging Strike
0-1: Swinging Strike
0-2: Strikes out swinging
Top of the 2nd over - 1 run, 2 hits, 0 errors, 1 left on base; State College 4 - Batavia 0
BOTTOM OF THE 2ND
Batavia Muckdogs batting - Pitching for State College Spikes : RHP David Maxwell
Now at 2B: Tim Jobe
Batting: RHB Trent Hood 0-0: Ball
1-0: Ball
2-0: Foul Ball, location: 2F
2-1: Ball
3-1: Ground out U3 (Groundball, 3L, EV 106.2 MPH)
Batting: SHB Justin Corbett 0-0: Ball
1-0: Called Strike
1-1: Foul Ball, location: 2F
1-2: Ground out 4-3 (Groundball, 4, EV 78.1 MPH)
Batting: RHB Tony Ledezma 0-0: Ball
1-0: Swinging Strike
1-1: SINGLE (Groundball, 6MD, EV 96.2 MPH)
Batting: RHB Torquato Uso 0-0: Swinging Strike
0-1: Swinging Strike
0-2: Strikes out looking
Bottom of the 2nd over - 0 runs, 1 hit, 0 errors, 1 left on base; State College 4 - Batavia 0
TOP OF THE 3RD
State College Spikes batting - Pitching for Batavia Muckdogs : LHP Matt Boehm
Batting: RHB Jose Jimenez 0-0: Fly out, F8 (Flyball, 8LD, EV 96.9 MPH)
Batting: RHB Kyle Burns 0-0: Ball
1-0: Called Strike
1-1: Ball
2-1: Foul Ball, location: 2F
2-2: Strikes out swinging
Batting: RHB Sean Tanner 0-0: Foul Ball, location: 2F
0-1: Ground out 5-3 (Groundball, 5, EV 90.6 MPH)
Top of the 3rd over - 0 runs, 0 hits, 0 errors, 0 left on base; State College 4 - Batavia 0
BOTTOM OF THE 3RD
Batavia Muckdogs batting - Pitching for State College Spikes : RHP David Maxwell
Batting: RHB Orlando Melendres 0-0: Ball
1-0: Called Strike
1-1: Called Strike
1-2: Ball
2-2: Strikes out swinging
Batting: LHB Orlando Rivera 0-0: Called Strike
0-1: DOUBLE (Flyball, 89D, EV 95.6 MPH)
Batting: RHB Justin Dunham 0-0: Called Strike
Orlando Rivera steals 3rd base
0-1: Ball
Passed Ball!
Orlando Rivera scores
1-1: Ground out U3 (Groundball, 3, EV 87.5 MPH)
Batting: SHB Matt Moore 0-0: Called Strike
0-1: Called Strike
0-2: Ball
1-2: Fly out, F9 (Flyball, 89M, EV 95.6 MPH)
Bottom of the 3rd over - 1 run, 1 hit, 0 errors, 0 left on base; State College 4 - Batavia 1
TOP OF THE 4TH
State College Spikes batting - Pitching for Batavia Muckdogs : LHP Matt Boehm
Batting: RHB Ben Politi 0-0: Called Strike
0-1: Ball
1-1: Ball
2-1: Ground out 6-3 (Groundball, 6, EV 106.2 MPH)
Batting: LHB Jorge Zarazua 0-0: Fly out, F9 (Flyball, 89S, EV 84.4 MPH)
Batting: RHB Tom Tate 0-0: Foul Ball, location: 2F
0-1: Swinging Strike
0-2: Ball
1-2: Ball
2-2: Foul Ball, location: 2F
2-2: Strikes out swinging
Top of the 4th over - 0 runs, 0 hits, 0 errors, 0 left on base; State College 4 - Batavia 1
BOTTOM OF THE 4TH
Batavia Muckdogs batting - Pitching for State College Spikes : RHP David Maxwell
Batting: LHB Matt McKeon 0-0: Called Strike
0-1: Ball
1-1: Swinging Strike
1-2: Ball
2-2: Strikes out swinging
Batting: RHB Trent Hood 0-0: Ball
1-0: Ball
2-0: Ball
3-0: Base on Balls
Batting: SHB Justin Corbett 0-0: SINGLE (Groundball, 3D, EV 95.0 MPH)
Trent Hood to second
Throwing error, E9
Trent Hood scores
Justin Corbett to second
Batting: RHB Tony Ledezma 0-0: Ball
1-0: Foul Ball, location: 2F
1-1: Foul Ball, location: 2F
1-2: Strikes out looking
Batting: RHB Torquato Uso 0-0: Fly out, F9 (Flyball, 9S, EV 84.4 MPH)
Bottom of the 4th over - 1 run, 1 hit, 1 error, 1 left on base; State College 4 - Batavia 2
TOP OF THE 5TH
State College Spikes batting - Pitching for Batavia Muckdogs : LHP Matt Boehm
Batting: SHB Gerardo Macias 0-0: Called Strike
0-1: Ball
1-1: Ball
2-1: Swinging Strike
2-2: Ground out 6-3 (Groundball, 6, EV 79.4 MPH)
Batting: RHB Tim Jobe 0-0: Fly out, F7 (Line Drive, 7S, EV 92.5 MPH)
Batting: LHB Keith Rice 0-0: Ball
1-0: Ball
2-0: Called Strike
2-1: Foul Ball, location: 2F
2-2: Foul Ball, location: 2F
2-2: TRIPLE (Flyball, 89XD, EV 101.9 MPH)
Batting: RHB Jose Jimenez 0-0: Foul Ball, location: 2F
0-1: Foul Ball, location: 2F
0-2: Foul Ball, location: 2F
0-2: Ground out 1-3 (Groundball, 15S, EV 67.5 MPH)
Top of the 5th over - 0 runs, 1 hit, 0 errors, 1 left on base; State College 4 - Batavia 2
BOTTOM OF THE 5TH
Batavia Muckdogs batting - Pitching for State College Spikes : RHP David Maxwell
Batting: RHB Orlando Melendres 0-0: Ball
1-0: Ball
2-0: Called Strike
2-1: Fly out, F8 (Flyball, 8RM, EV 93.8 MPH)
Batting: LHB Orlando Rivera 0-0: Ball
1-0: Swinging Strike
1-1: Foul Ball, location: 2F
1-2: Ground out 5-3 (Groundball, 56, EV 90.6 MPH)
Batting: RHB Justin Dunham 0-0: SINGLE (Line Drive, 78S, EV 93.8 MPH)
Batting: SHB Matt Moore 0-0: Fly out, F7 (Flyball, 7D, EV 106.2 MPH)
Bottom of the 5th over - 0 runs, 1 hit, 0 errors, 1 left on base; State College 4 - Batavia 2
TOP OF THE 6TH
State College Spikes batting - Pitching for Batavia Muckdogs : LHP Matt Boehm
Batting: RHB Kyle Burns 0-0: SINGLE (Line Drive, 8RS, EV 101.2 MPH)
Pitching: RHP Marco Quezada
Batting: RHB Sean Tanner 0-0: Ball
1-0: Ball
2-0: Ball
3-0: Called Strike
3-1: Called Strike
3-2: Strikes out swinging
Batting: RHB Ben Politi 0-0: SINGLE (Line Drive, 89M, EV 97.5 MPH)
Kyle Burns to second
Batting: LHB Jorge Zarazua 0-0: Foul Ball, location: 2F
0-1: Ball
1-1: DOUBLE (Flyball, 89XD, EV 98.1 MPH)
Kyle Burns scores
Ben Politi to third
Batting: RHB Tom Tate 0-0: Ball
1-0: Foul Ball, location: 2F
1-1: Foul Ball, location: 2F
1-2: Foul Ball, location: 2F
1-2: Foul Ball, location: 2F
1-2: Ball
2-2: Ball
3-2: Foul Ball, location: 2F
3-2: Foul Ball, location: 2F
3-2: Base on Balls
Pitching: RHP Matt Alexander
Batting: SHB Gerardo Macias 0-0: Ball
1-0: Ball
2-0: Swinging Strike
2-1: Called Strike
2-2: Foul Ball, location: 2F
2-2: Strikes out swinging
Batting: RHB Tim Jobe 0-0: SINGLE (Groundball, 6MD, EV 94.4 MPH)
Ben Politi scores
Jorge Zarazua to third
Tom Tate to second
Runner from 3rd tries for Home, SAFE, throw by CF to home
Batting: LHB Keith Rice 0-0: Ball
1-0: Ball
2-0: SINGLE (Groundball, 56D, EV 108.1 MPH)
Tom Tate to third
Tim Jobe to second
Runner from 3rd tries for Home, SAFE, throw by LF to home
Batting: RHB Jose Jimenez 0-0: Foul Ball, location: 2F
0-1: Foul Ball, location: 2F
0-2: Strikes out looking
Top of the 6th over - 4 runs, 5 hits, 0 errors, 2 left on base; State College 8 - Batavia 2
BOTTOM OF THE 6TH
Batavia Muckdogs batting - Pitching for State College Spikes : RHP David Maxwell
Batting: LHB Matt McKeon 0-0: Ball
1-0: Ball
2-0: Ground out 6-3 (Groundball, 56, EV 87.5 MPH)
Batting: RHB Trent Hood 0-0: Called Strike
0-1: SINGLE (Groundball, 34D, EV 110.0 MPH)
Batting: SHB Justin Corbett 0-0: Called Strike
0-1: Ball
Wild Pitch!
Trent Hood to second
1-1: Ball
Wild Pitch!
Trent Hood to third
2-1: Foul Ball, location: 2F
2-2: Strikes out swinging
Batting: RHB Tony Ledezma 0-0: Called Strike
0-1: Ball
1-1: Foul Ball, location: 2F
1-2: Strikes out swinging
Bottom of the 6th over - 0 runs, 1 hit, 0 errors, 1 left on base; State College 8 - Batavia 2
TOP OF THE 7TH
State College Spikes batting - Pitching for Batavia Muckdogs : RHP Matt Alexander
Batting: RHB Kyle Burns 0-0: Ball
1-0: Foul Ball, location: 2F
1-1: SINGLE (Groundball, 56D, EV 98.8 MPH)
Batting: RHB Sean Tanner 0-0: Ball
1-0: Ball
2-0: 2-RUN HOME RUN (Flyball, 78XD, EV 104.4 MPH), Distance : 409 ft
Batting: RHB Ben Politi 0-0: Called Strike
0-1: Ball
1-1: Fly out, F8 (Flyball, 8RD, EV 91.2 MPH)
Batting: LHB Jorge Zarazua 0-0: Ball
1-0: Ball
2-0: Swinging Strike
2-1: Swinging Strike
2-2: SINGLE (Flyball, 89S, EV 95.0 MPH)
Batting: RHB Tom Tate 0-0: Grounds into double play, 6-4-3 (Groundball, 56, EV 100.6 MPH)
Top of the 7th over - 2 runs, 3 hits, 0 errors, 0 left on base; State College 10 - Batavia 2
BOTTOM OF THE 7TH
Batavia Muckdogs batting - Pitching for State College Spikes : RHP David Maxwell
Batting: RHB Torquato Uso 0-0: Swinging Strike
0-1: Foul Ball, location: 2F
0-2: Strikes out swinging
Batting: RHB Orlando Melendres 0-0: Swinging Strike
0-1: Foul Ball, location: 2F
0-2: Ball
1-2: SINGLE (Groundball, 56D, EV 100.0 MPH)
Batting: LHB Orlando Rivera 0-0: Foul Ball, location: 2F
0-1: Foul Ball, location: 2F
0-2: Ball
1-2: Strikes out swinging
Pitching: LHP Gabe Benitez
Batting: RHB Justin Dunham 0-0: Ball
1-0: Ball
2-0: Ball
3-0: Base on Balls
Orlando Melendres to second
Batting: SHB Matt Moore 0-0: Swinging Strike
0-1: Called Strike
0-2: Ball
1-2: Ball
2-2: Strikes out looking
Bottom of the 7th over - 0 runs, 1 hit, 0 errors, 2 left on base; State College 10 - Batavia 2
TOP OF THE 8TH
State College Spikes batting - Pitching for Batavia Muckdogs : RHP Matt Alexander
Batting: SHB Gerardo Macias 0-0: Ball
1-0: Called Strike
1-1: Swinging Strike
1-2: Ball
2-2: TRIPLE (Flyball, 78XD, EV 87.5 MPH)
Batting: RHB Tim Jobe 0-0: Ball
1-0: DOUBLE (Line Drive, 78XD, EV 110.6 MPH)
Gerardo Macias scores
Batting: LHB Keith Rice 0-0: Ball
1-0: Called Strike
1-1: Ball
2-1: Called Strike
2-2: Strikes out swinging
Batting: RHB Jose Jimenez 0-0: Foul Ball, location: 2F
0-1: Swinging Strike
0-2: Ball
1-2: Strikes out looking
Pinch Hitting: RHB Bernard Claude 0-0: Ball
1-0: Called Strike
1-1: Foul Ball, location: 2F
1-2: Strikes out looking
Top of the 8th over - 1 run, 2 hits, 0 errors, 1 left on base; State College 11 - Batavia 2
BOTTOM OF THE 8TH
Batavia Muckdogs batting - Pitching for State College Spikes : LHP Gabe Benitez
Now at SS: Bernard Claude
Batting: LHB Matt McKeon 0-0: SOLO HOME RUN (Line Drive, 9LD, EV 94.4 MPH), Distance : 341 ft
Batting: RHB Trent Hood 0-0: Ground out 6-3 (Groundball, 6, EV 85.0 MPH)
Batting: SHB Justin Corbett 0-0: Foul Ball, location: 2F
0-1: Ball
1-1: Ball
2-1: SINGLE (Line Drive, 6MD, EV 99.4 MPH)
Batting: RHB Tony Ledezma 0-0: Called Strike
0-1: Fly out, F8 (Flyball, 8LM, EV 83.8 MPH)
Batting: RHB Torquato Uso 0-0: Ball
1-0: SINGLE (Line Drive, 9LS, EV 95.6 MPH)
Justin Corbett to second
Runner from 2nd tries for 3rd, SAFE, throw by RF made to third
Batting: RHB Orlando Melendres 0-0: SINGLE (Groundball, 4MD, EV 102.5 MPH)
Justin Corbett scores
Torquato Uso to second
Runner from 2nd tries for 3rd, SAFE, no throw by CF
Pinch Hitting: RHB Manuel Taveras 0-0: Ball
1-0: Ball
2-0: Called Strike
2-1: Foul Ball, location: 2F
2-2: Ball
3-2: SINGLE (Flyball, 6D, EV 82.5 MPH)
Torquato Uso scores
Orlando Melendres to second
Orlando Melendres to third
Pitching: RHP Kasper Larkin
Pinch Hitting: LHB Nick Ramsdell 0-0: Ball
1-0: Ball
2-0: Called Strike
2-1: Fly out, F8 (Line Drive, 8LD, EV 102.5 MPH)
Bottom of the 8th over - 3 runs, 5 hits, 0 errors, 2 left on base; State College 11 - Batavia 5
TOP OF THE 9TH
State College Spikes batting - Pitching for Batavia Muckdogs : RHP Matt Alexander
Now at 1B: Nick Ramsdell
Now in CF: Calvin Morin
Batting: RHB Sean Tanner 0-0: Ball
1-0: Ball
2-0: Foul Ball, location: 2F
2-1: Ball
3-1: Base on Balls
Batting: RHB Ben Politi 0-0: Foul Ball, location: 2F
0-1: Swinging Strike
0-2: Ball
1-2: Ball
2-2: Ball
3-2: Foul Ball, location: 2F
3-2: Foul Ball, location: 2F
3-2: Foul Ball, location: 2F
3-2: Foul Ball, location: 2F
3-2: Foul Ball, location: 2F
3-2: Base on Balls
Sean Tanner to second
Pitching: RHP Ib Skovgaard
Batting: LHB Jorge Zarazua 0-0: Foul Ball, location: 2F
0-1: Ball
Wild Pitch!
Sean Tanner to third
Ben Politi to second
1-1: Fly out, F8 (Flyball, 8LM, EV 86.2 MPH)
Runner from 3rd tags up, SCORES, throw by CF
Batting: RHB Tom Tate 0-0: Ball
1-0: Swinging Strike
1-1: Ball
2-1: Called Strike
2-2: Strikes out swinging
Batting: SHB Gerardo Macias 0-0: Ball
1-0: Ball
2-0: Foul Ball, location: 2F
2-1: Called Strike
2-2: Ball
3-2: Foul Ball, location: 2F
3-2: Base on Balls
Batting: RHB Tim Jobe 0-0: Ball
1-0: Fly out, F9 (Flyball, 9, EV 84.4 MPH)
Top of the 9th over - 1 run, 0 hits, 0 errors, 2 left on base; State College 12 - Batavia 5
BOTTOM OF THE 9TH
Batavia Muckdogs batting - Pitching for State College Spikes : RHP Kasper Larkin
DELAY Rain delay of 25 minutes in the 9th inning.
Batting: SHB Matt Moore 0-0: Ball
1-0: Ball
2-0: Ball
3-0: Foul Ball, location: 2F
3-1: Called Strike
3-2: Foul Ball, location: 2F
3-2: Strikes out swinging
Batting: LHB Matt McKeon 0-0: Foul Ball, location: 2F
0-1: Ball
1-1: Ball
2-1: Swinging Strike
2-2: Ball
3-2: Foul Ball, location: 2F
3-2: DOUBLE (Flyball, 8LXD, EV 107.5 MPH)
Batting: RHB Trent Hood 0-0: Ball
1-0: Called Strike
1-1: Foul Ball, location: 2F
1-2: Reached on error, E3 (Groundball, 34, EV 81.9 MPH)
Matt McKeon to third
Batting: SHB Justin Corbett 0-0: Ball
1-0: Ball
2-0: Ball
3-0: Base on Balls
Trent Hood to second
Batting: RHB Tony Ledezma 0-0: Ball
1-0: Ball
2-0: Called Strike
2-1: Foul Ball, location: 2F
2-2: Reached on error, E3 (Groundball, 34S, EV 78.8 MPH)
Matt McKeon scores
Trent Hood to third
Justin Corbett to second
Batting: RHB Torquato Uso 0-0: Called Strike
0-1: Ball
1-1: Swinging Strike
1-2: Foul Ball, location: 2F
1-2: Ball
2-2: Strikes out looking
Pitching: LHP Tyler Kenney
Batting: RHB Orlando Melendres 0-0: Ball
1-0: Ball
2-0: Foul Ball, location: 2F
2-1: Swinging Strike
2-2: Ground out 5-3 (Groundball, 56S, EV 66.9 MPH)
Bottom of the 9th over - 1 run, 1 hit, 2 errors, 3 left on base; State College 12 - Batavia 6
Tuesday, September 13th , 2022 - OOTP Baseball 23.7 Build 88